 Dungeon Crawl Stone Soup version 0.29.1-1-gd02db6906a (webtiles) character file.

Game seed: 282462935909745144

84 xian the Chopper (level 4, -5/37 HPs)
             Began as a Minotaur Gladiator on Sept 27, 2022.
             Was a Follower of Sif Muna.
             Slain by Sigmund the killer bee (6 damage)
             ... on level 2 of the Dungeon.
             The game lasted 00:05:42 (2090 turns).

xian the Chopper (Minotaur Gladiator)               Turns: 2090, Time: 00:05:43

Health: -5/37      AC:  4    Str: 20    XL:     4   Next: 23%
Magic:  3/3        EV: 12    Int: 11    God:    Sif Muna [*.....]
Gold:   60         SH:  3    Dex: 12    Spells: 3/3 levels left

rFire   . . .      SeeInvis .   a - +0 war axe
rCold   . . .      Faith    .   k - +0 buckler
rNeg    . . .      Spirit   .   b - +0 leather armour
rPois   .          Reflect  .   c - +1 hat
rElec   .          Harm     .   (no cloak)
rCorr   .          Rampage  .   (no gloves)
Will    .....                   (no boots)
Stlth   +.........              (no amulet)
HPRegen 0.12/turn               f - +6 ring of intelligence
MPRegen 0.08/turn               (no ring)

@: flying
A: horns 2, retaliatory headbutt
a: Renounce Religion, Channel Magic


You were on level 2 of the Dungeon.
You worshipped Sif Muna.
Sif Muna was aware of your devotion.
You visited 1 branch of the dungeon, and saw 2 of its levels.

You collected 60 gold pieces.

Inventory:

Hand Weapons
 a - a +0 war axe (weapon)
Missiles
 d - 3 throwing nets
 e - a javelin
 m - 6 poisoned darts (quivered)
 o - 15 stones
Armour
 b - a +0 leather armour (worn)
 c - a +1 hat (worn)
 k - a +0 buckler (worn)
Jewellery
 f - a +6 ring of intelligence (left hand)
Wands
 q - a wand of polymorph (2)
Scrolls
 p - a scroll of silence {unknown}
Potions
 g - a potion of haste {unknown}
 h - a potion of flight
 i - a potion of degeneration {unknown}
 j - a potion of magic {unknown}
 l - a potion of mutation {unknown}
 n - a potion of heal wounds
 r - a potion of berserk rage {unknown}


   Skills:
 + Level 2.6 Fighting
 + Level 5.0 Axes
 + Level 2.0 Throwing
 + Level 0.3 Armour
 + Level 4.3 Dodging
 + Level 0.3 Stealth


You had 3 spell levels left.
You didn't know any spells.
Your spell library contained the following spells:

 Spells                   Type           Power      Damage    Failure   Level
 Gell's Gravitas          Tloc           0%         N/A       86%         3
 Ozocubu's Armour         Ice            0%         N/A       86%         3
 Teleport Other           Tloc           0%         N/A       86%         3
 Hailstorm                Conj/Ice       0%         3d3       99%         4
 Ice Form                 Ice/Tmut       0%         N/A       99%         4
 Metabolic Englaciation   Hex/Ice        0%         N/A       100%        5
 Dispersal                Tloc           0%         N/A       100%        6
 Simulacrum               Ice/Necr       0%         N/A       100%        6


Dungeon Overview and Level Annotations

Branches:
Dungeon (2/15)

Altars:
Dithmenos
Sif Muna

Shops:
D:1 (

Annotations:
D:2 Sigmund


Innate Abilities, Weirdness & Mutations

You have a pair of horns on your head.
You reflexively headbutt those who attack you in melee.


Message History

You closely miss Sigmund. Your headbutt misses Sigmund.
Sigmund is lightly wounded.
Sigmund hits you with a +0 scythe of protection.
You barely miss Sigmund.
Sigmund is lightly wounded.
Sigmund misses you.
You closely miss Sigmund.
Sigmund is lightly wounded.
Sigmund hits you but does no damage.
Aiming: Polymorph
Press: ? - help, Shift-Dir - straight line, f - Sigmund
Aim: Sigmund, wielding a +0 scythe of protection and wearing a +0 robe (lightly wounded, will become a killer bee, a warg, or a river rat, chance to affect: 57%) Sigmund resists with significant effort.
Unknown command.
Aiming: Polymorph
Press: ? - help, Shift-Dir - straight line, f/p - Sigmund
Aim: Sigmund, wielding a +0 scythe of protection and wearing a +0 robe (lightly wounded, will become a killer bee, a warg, or a river rat, chance to affect: 57%) Sigmund evaporates and reforms as a killer bee!
Sigmund stings you!
You slash Sigmund!
Sigmund is severely wounded.
Sigmund closely misses you.
Sigmund stings you but does no damage. x2
You closely miss Sigmund. Your headbutt misses Sigmund.
Sigmund is severely wounded.
Sigmund stings you.
* * * LOW HITPOINT WARNING * * *
Sigmund stings you.
* * * LOW HITPOINT WARNING * * *
Sigmund barely misses you.
You are too injured to fight recklessly!
Unknown command.
Throw: 7 darts (poison)
Press: ? - help, Q - select action, (/) - cycle Shift-Dir - straight line, f/p - Sigmund
Aim: Sigmund the killer bee (severely wounded, 29% to hit)
You throw a poisoned dart.
The poisoned dart barely misses Sigmund.
Sigmund stings you.
* * * LOW HITPOINT WARNING * * *
Sigmund stings you.
You die...

#.###### ##.<..###♣♣~P~
#.#....#######.#P♣♣~~~~
#..............~~~~~≈≈~
###....#######♣~~~P~~≈~
#....# #♣~~~~~~~ #....#
#.♣~♣~~.. #### #....#
#.>...... ...# #....#
#######....).. ...#
######...@###....##.#....~
...#
#.........y##....##.##.~P~
...#
#................##.##..~~
...#
#................##.##...♣
...#
##########.......##.##..<.
...# #.......##.##[... #'##
#.......##.##.... #.#
############.......##.######
#.# #.....................#


You could see Sigmund the killer bee.

Vanquished Creatures
  Terence (D:2)
  An adder (D:2)
  A dart slug (D:1)
  3 ball pythons (D:2)
  4 bats
  5 endoplasms
  5 giant cockroaches
  5 goblins
  A hobgoblin (D:1)
  4 jackals (D:1)
  2 quokkas (D:1)
  4 frilled lizards
  4 kobolds
  3 rats
43 creatures vanquished.

Vanquished Creatures (others)
  6 plants (D:2)
6 creatures vanquished.

Grand Total: 49 creatures vanquished

Notes
Turn   | Place    | Note
-------+----------+-------------------------------------------
     0 | D:1      | xian the Minotaur Gladiator began the quest for the Orb.
     0 | D:1      | Reached XP level 1. HP: 18/18 MP: 0/0
   244 | D:1      | Reached skill level 4 in Axes
   244 | D:1      | Reached XP level 2. HP: 22/25 MP: 1/1
   493 | D:1      | Found Pocwemofe's Antique Weapon Boutique.
   756 | D:1      | Found a faded altar of an unknown god.
   942 | D:2      | Reached XP level 3. HP: 30/30 MP: 2/2
  1148 | D:2      | Found a shadowy altar of Dithmenos.
  1301 | D:2      | Noticed Sigmund
  1624 | D:1      | Prayed at the altar of an unknown god.
  1624 | D:1      | Became a worshipper of Sif Muna the Loreminder
  1624 | D:1      | Reached * piety under Sif Muna
  1648 | D:2      | Noticed Terence
  1657 | D:2      | Killed Terence
  1658 | D:2      | Reached skill level 5 in Axes
  1658 | D:2      | Reached XP level 4. HP: 37/37 MP: 3/3
  2087 | D:2      | Noticed Sigmund
  2087 | D:2      | Sigmund changed into Sigmund the killer bee
  2090 | D:2      | HP: 1/37 [Sigmund the killer bee (6)]
  2090 | D:2      | Slain by Sigmund the killer bee

Illustrated notes

Levels and vault maps discovered:
D:1:      spicycebolla_arrival_risky_transporter, layout_basic, serial_shops,
          nicolae_shop_stone, shapermc_ecumenical_altar_acropolis, st_stairs_11
D:2:      layout_basic, basic_altar, serial_bayou_ford_a, uniq_sigmund,
          uniq_terence

Skill      XL: |  1  2  3 |
---------------+----------+-----
Axes           | 4 5 |  5.0
Dodging        | 4 |  4.3
Fighting       | |  2.6
Throwing       | |  2.0
Armour         | |  0.3
Stealth        | |  0.3

Action                   |  1- 3 |  4- 6 || total
-------------------------+-------+-------++-------
Melee: War axe           |    65 |    17 ||    82
       Headbutt          |     4 |     1 ||     5
Throw: Dart              |     2 |     1 ||     3
Evoke: Wand              |       |     4 ||     4
  Use: Scroll            |     3 |       ||     3
       Potion            |       |     2 ||     2
Armor: Leather armour    |    19 |    10 ||    29
       Skin              |     2 |    14 ||    16
Dodge: Dodged            |    66 |    13 ||    79
Block: Buckler           |     1 |     2 ||     3
